 Dungeon Crawl Stone Soup version 0.19.1 (webtiles) character file.

6650 XO4YCPATb the Timeless (level 10, -3/115 HPs)
             Began as a Red Draconian Monk on Dec 11, 2016.
             Was a High Priest of Cheibriados.
             Slain by hairmachine's ghost (18 damage)
             ... on level 10 of the Dungeon.
             The game lasted 00:24:24 (10826 turns).

XO4YCPATb the Timeless (Red Draconian Monk)        Turns: 10826, Time: 00:24:25

Health: -3/115     AC: 25    Str: 31    XL:     10   Next: 72%
Magic:  17/17      EV:  2    Int: 27    God:    Cheibriados [*****.]
Gold:   527        SH:  7    Dex: 27    Spells: 0 memorised, 9 levels left

rFire  . . .     SeeInvis .       - Unarmed
rCold  . . .     Gourm    +     (armour unavailable)
rNeg   + + +     Faith    .     H - +0 buckler
rPois  +         Spirit   .     (helmet currently unavailable)
rElec  .         Reflect  .     (cloak currently unavailable)
rCorr  .         Harm     .     (gloves currently unavailable)
MR     .....     NoTele   +     (boots currently unavailable)
Stlth  +++.......               I - amulet "Cudumy" {Gourm Slay+2}
                                z - +5 ring of strength
                                h - ring of positive energy

@: tree-form, very slow
A: (breathe fire), unfitting armour, (fire resistance 0), (cold-blooded), AC +7
a: Bend Time, Temporal Distortion, Slouch, Step From Time, Renounce Religion


You were on level 10 of the Dungeon.
You worshipped Cheibriados.
Cheibriados was extremely pleased with you.
You were completely stuffed.
You were a tree.
You visited 2 branches of the dungeon, and saw 11 of its levels.

You collected 675 gold pieces.
You spent 148 gold pieces at shops.

Inventory:

Armour
 l - a +0 pair of boots (melded)
 n - a +0 cloak (melded)
 q - a +0 pair of gloves (melded)
 H - a +0 buckler (worn)
Jewellery
 h - a ring of positive energy (left branch)
 k - a +4 ring of intelligence
 z - a +5 ring of strength (right branch)
 A - an uncursed ring of positive energy
 I - the amulet "Cudumy" (around neck) {Gourm Slay+2}
   (You found it on level 8 of the Dungeon)

   [amulet of the gourmand]

   It allows you to eat raw meat even when not hungry.
   It affects your accuracy and damage with ranged weapons and melee attacks
   (+2).
Wands
 j - a wand of polymorph (14/24)
Scrolls
 b - 2 scrolls of immolation
 e - 2 scrolls of teleportation
 g - a scroll of blinking
 i - 2 scrolls of enchant weapon
 m - 3 scrolls of fog
 o - 4 scrolls of amnesia
 r - 2 scrolls of recharging
 s - 2 scrolls of fear
 t - 4 scrolls of enchant armour
 x - 3 scrolls of remove curse
 y - 2 scrolls of magic mapping
Potions
 d - 4 potions of might
 p - 2 potions of curing
 u - a potion of ambrosia
 w - 3 potions of magic
 B - a potion of flight
 C - 2 potions of agility
 E - a potion of berserk rage {unknown}
 G - a potion of resistance {unknown}
 L - a potion of heal wounds {unknown}
 M - a potion of haste {unknown}
 N - a potion of mutation {unknown}
Books
 D - a book of Party Tricks

   Spells                             Type                      Level
   a - Summon Butterflies             Summoning                    1
   b - Apportation                    Translocation                1
   c - Lesser Beckoning               Translocation                3
   d - Tukima's Dance                 Hexes                        3
   e - Alistair's Intoxication        Transmutation/Poison         5
   f - Invisibility                   Hexes                        6
 J - a book of Maledictions

   Spells                             Type                      Level
   a - Corona                         Hexes                        1
   b - Ensorcelled Hibernation        Hexes/Ice                    2
   c - Confuse                        Hexes                        3
   d - Tukima's Dance                 Hexes                        3
   e - Dazzling Spray                 Conjuration/Hexes            3
Comestibles
 a - 10 bread rations
 c - 9 fruits
 f - 5 meat rations
 F - 10 royal jellies
 K - 12 chunks of flesh


   Skills:
 - Level 3.2 Fighting
 * Level 7.2 Dodging
 - Level 1.7 Stealth
 - Level 6.1 Shields
 - Level 10.0 Unarmed Combat
 - Level 10.2 Invocations


You had 9 spell levels left.
You didn't know any spells.

Dungeon Overview and Level Annotations

Branches:
Dungeon (10/15)            Temple (1/1) D:4             Orc (0/2) D:9
   Lair: D:8-11

Altars:
Ashenzari
Cheibriados
Dithmenos
Elyvilon
Fedhas
Gozag
Hepliaklqana
Kikubaaqudgha
Makhleb
Nemelex Xobeh
Okawaru
Qazlal
Ru
Sif Muna
Trog
Uskayaw
Vehumet
Xom
Yredelemnul
Zin
The Shining One

Shops:
D:5 ?%[   D:6 :   D:9 (

Annotations:
D:8 Joseph
D:10 hairmachine's ghost, journeyman HEGl


Innate Abilities, Weirdness & Mutations

((You can breathe blasts of fire.))
((Your fiery red scales are hard. (AC +7)))
You cannot fit into any form of body armour.
((Your flesh is heat resistant. (rF+)))
((You are cold-blooded and may be slowed by cold attacks.))


Message History

You miss hairmachine's ghost.
Hairmachine's ghost is lightly damaged.
You block hairmachine's ghost's attack.
You hit hairmachine's ghost.
Hairmachine's ghost is moderately damaged.
Hairmachine's ghost hits you!
* * * LOW HITPOINT WARNING * * *
You smack hairmachine's ghost!
Hairmachine's ghost is moderately damaged.
You pummel hairmachine's ghost!!
Hairmachine's ghost is severely damaged.
Hairmachine's ghost hits you.
* * * LOW HITPOINT WARNING * * *
You smack hairmachine's ghost!
Hairmachine's ghost is severely damaged.
You block hairmachine's ghost's attack.
You hit hairmachine's ghost.
Hairmachine's ghost is almost destroyed.
Hairmachine's ghost hits you!!
You die...

### #.# # ).# #.# #.#
###.# #W# #)..#
#########'## #)###
...........# #####.###
...........# #.......#
...........######.......#
...........'W♣......)...#
...........######.......#
###+######## ###.#####
#<# #.# #.# #.. ##.


You could see hairmachine's ghost.

Vanquished Creatures
  The ghost of loralnil the Cleaver, a novice FoFi of the Shining One (D:8)
  A gargoyle (D:10)
  Grinder (D:6)
  Sigmund (D:3)
  Eustachio (D:6)
  A hungry ghost (D:7)
  2 soldier ants (D:8)
  Duvessa (D:5)
  A water moccasin (D:8)
  6 orc warriors
  5 phantoms
  6 ogres
  3 ice beasts
  4 sky beasts
  A necrophage (D:9)
  A black bear (D:9)
  3 centaurs
  5 bullfrogs
  A water moccasin zombie (D:8)
  2 scorpions (D:7)
  Dowan (D:5)
  4 howler monkeys
  A crimson imp (D:8)
  2 quasits (D:7)
  3 jellies
  2 bullfrog skeletons
  A centaur zombie (D:6)
  2 hounds
  3 orc priests
  7 iguanas
  A centaur skeleton (D:4)
  Natasha (D:3)
  12 orc wizards
  5 worker ants
  7 gnolls (D:3)
  7 adders
  4 shadow imps
  2 oozes
  An adder skeleton (D:5)
  8 worms
  4 dart slugs
  10 leopard geckos
  38 orcs
  5 giant cockroaches
  7 goblins
  8 hobgoblins
  10 jackals
  7 kobolds
  4 quokkas
  3 ball pythons
  9 bats
  6 frilled lizards
  A giant cockroach zombie (D:5)
  A leopard gecko zombie (D:6)
  A quokka zombie (D:7)
  10 rats
245 creatures vanquished.

Vanquished Creatures (others)
  A giant cockroach zombie (D:5)
1 creature vanquished.

Grand Total: 246 creatures vanquished

Notes
Turn   | Place    | Note
-------+----------+-------------------------------------------
     0 | D:1      | XO4YCPATb the Draconian Monk began the quest for the Orb.
     0 | D:1      | Reached XP level 1. HP: 19/19 MP: 1/1
   241 | D:1      | Reached XP level 2. HP: 22/26 MP: 2/2
   582 | D:1      | Reached XP level 3. HP: 31/31 MP: 3/3
  1056 | D:2      | Found a shattered altar of Ashenzari.
  1551 | D:2      | Found an iron altar of Okawaru.
  1551 | D:2      | Found a sacrificial altar of Ru.
  1556 | D:2      | Found a glowing golden altar of the Shining One.
  1755 | D:3      | Reached XP level 4. HP: 36/38 MP: 4/4
  2014 | D:3      | Reached skill level 5 in Unarmed Combat
  2022 | D:3      | Noticed Sigmund
  2269 | D:4      | Noticed a phantom
  2301 | D:4      | Killed a phantom
  2301 | D:4      | Reached XP level 5. HP: 23/45 MP: 5/5
  2567 | D:4      | Noticed a phantom
  2647 | D:4      | Reached XP level 6. HP: 16/51 MP: 6/6
  2802 | D:5      | Entered Level 5 of the Dungeon
  3244 | D:4      | Found a blossoming altar of Fedhas.
  3368 | D:4      | Found a staircase to the Ecumenical Temple.
  3393 | Temple   | Entered the Ecumenical Temple
  3414 | Temple   | Became a worshipper of Cheibriados the Contemplative
  3414 | Temple   | Reached * piety under Cheibriados
  3414 | Temple   | Reached ** piety under Cheibriados
  3685 | D:4      | Reached skill level 1 in Invocations
  3685 | D:4      | Your scales start taking on a fiery red colour.
  3685 | D:4      | Reached XP level 7. HP: 43/57 MP: 6/8
  3685 | D:4      | Gained mutation: Your flesh is heat resistant. (rF+) [Red Draconian growth]
  4056 | D:3      | Found an ancient bone altar of Kikubaaqudgha.
  4091 | D:3      | Killed Sigmund
  4356 | D:3      | Noticed Natasha
  4358 | D:3      | Killed Natasha
  4365 | D:3      | Reached XP level 8. HP: 50/63 MP: 11/11
  4373 | D:3      | Reached skill level 5 in Invocations
  4386 | D:3      | Reached *** piety under Cheibriados
  4596 | D:3      | You fall through a shaft for 2 floors!
  4715 | D:5      | Found Etuob's Armour Shoppe.
  4715 | D:5      | Noticed Duvessa
  4716 | D:5      | Noticed Dowan
  4728 | D:5      | Killed Dowan
  4736 | D:5      | Killed Duvessa
  4952 | D:5      | Found Razoaw's Food Shoppe.
  5102 | D:5      | Noticed a moth of wrath
  5105 | D:5      | Found a bloodstained altar of Trog.
  5187 | D:5      | Found Eblomos's Magic Scroll Shoppe.
  5190 | D:5      | Bought a scroll of identify for 22 gold pieces
  5190 | D:5      | Bought 2 scrolls of identify for 44 gold pieces
  5190 | D:5      | Bought a scroll of magic mapping for 38 gold pieces
  5190 | D:5      | Bought a scroll of identify for 22 gold pieces
  5190 | D:5      | Bought a scroll of fog for 22 gold pieces
  6059 | D:6      | Noticed Grinder
  6064 | D:6      | Killed Grinder
  6064 | D:6      | Reached XP level 9. HP: 70/70 MP: 13/15
  6079 | D:6      | Noticed Eustachio
  6100 | D:6      | Killed Eustachio
  6175 | D:6      | Found an iron altar of Okawaru.
  6369 | D:6      | Found Entuinuez's Book Emporium.
  6508 | D:6      | Reached **** piety under Cheibriados
  7299 | D:7      | Reached skill level 10 in Unarmed Combat
  7540 | D:7      | Reached skill level 10 in Invocations
  7633 | D:7      | Reached skill level 1 in Shields
  8277 | D:8      | Found a sparkling altar of Nemelex Xobeh.
  8319 | D:8      | Reached ***** piety under Cheibriados
  8363 | D:8      | Noticed loralnil's ghost (novice FoFi)
  8953 | D:8      | Found a shimmering altar of Xom.
  9023 | D:8      | Reached XP level 10. HP: 77/77 MP: 8/17
  9189 | D:8      | Noticed Joseph
  9253 | D:8      | Reached skill level 5 in Shields
  9385 | D:8      | Killed loralnil's ghost
  9679 | D:8      | Got a vibrating golden amulet
  9681 | D:8      | Identified the amulet "Cudumy" {Gourm Slay+2} (You found it on level 8 of the Dungeon)
  9828 | D:8      | Reached skill level 5 in Dodging
 10091 | D:9      | Found Jinit's Weapon Shoppe.
 10093 | D:9      | Found a staircase to the Orcish Mines.
 10479 | D:9      | Found a stormy altar of Qazlal.
 10672 | D:10     | Entered Level 10 of the Dungeon
 10683 | D:10     | Noticed a gargoyle
 10702 | D:10     | Killed a gargoyle
 10803 | D:10     | Noticed hairmachine's ghost (journeyman HEGl)
 10826 | D:10     | Slain by hairmachine's ghost

Skill      XL: |  1  2  3  4  5  6  7  8  9 10 |
---------------+-------------------------------+-----
Unarmed Combat | 4 6 8 9 10 | 10.0
Invocations    | 1 4 8 10 | 10.2
Shields        | 4 6 |  6.1
Dodging        | 3 7 |  7.2
Fighting       | |  3.2
Stealth        | |  1.7

Action                   |  1- 3 |  4- 6 |  7- 9 | 10-12 || total
-------------------------+-------+-------+-------+-------++-------
Melee: Unarmed           |   155 |   167 |   360 |   186 ||   868
       Tailslap          |    13 |    23 |    92 |    46 ||   174
       Punch             |     1 |     6 |    16 |       ||    23
Invok: Temporal Distorti |       |       |     1 |       ||     1
       Slouch            |       |       |       |     1 ||     1
 Abil: Breathe Fire      |       |       |    30 |    11 ||    41
  Use: Scroll            |       |     7 |    10 |     1 ||    18
       Potion            |       |     1 |       |     1 ||     2
 Stab: Sleeping          |     5 |     1 |     5 |     5 ||    16
       Distracted        |       |       |     1 |       ||     1
  Eat: Chunk             |     3 |     3 |    24 |    15 ||    45
       Fruit             |       |     2 |       |     1 ||     3
       Beef jerky        |       |       |     1 |       ||     1
Armor: Skin              |    36 |    23 |    90 |    24 ||   173
Dodge: Dodged            |    82 |    83 |   199 |    74 ||   438
Block: Buckler           |       |       |    11 |    47 ||    58
